TOP OF THE 1ST |
Athletic Club KC Athletics batting - Pitching for Norfolk Cruisers : LHP Fernando Rivero
|
Pitching: LHP Fernando Rivero
|
|
Batting: SHB David Henderson
|
0-0: Ball 1-0: SINGLE (Groundball, 34D)
|
Batting: RHB Yoshio Matsuo
|
0-0: Fly out, F8 (Line Drive, 8RD)
|
Batting: LHB Emílio Sáenz
|
0-0: Ball 1-0: SINGLE (Groundball, 34D) David Henderson to second Runner from 2nd tries for 3rd, SAFE, no throw or cutoff
|
Batting: RHB Cory Staton
|
0-0: Ball 1-0: Swinging Strike 1-1: Fly out, F6 (Popup, 56)
|
Batting: RHB Vicente Díaz
|
0-0: Ball 1-0: DOUBLE (Flyball, 78D) David Henderson scores Emílio Sáenz to third
|
Batting: RHB Ramón Souza
|
0-0: Called Strike 0-1: Foul Ball, location: 2F 0-2: Ball 1-2: Ball 2-2: Fly out, F7 (Flyball, 78XD)
|
Top of the 1st over - 1 run(s), 3 hit(s), 0 error(s), 2 left on base; Athletic Club KC 1 - Norfolk 0 |
BOTTOM OF THE 1ST |
Norfolk Cruisers batting - Pitching for Athletic Club KC Athletics : RHP Curt Clarke
|
Pitching: RHP Curt Clarke
|
|
Batting: RHB Tom Baker
|
0-0: SINGLE (Groundball, 4MD)
|
Batting: RHB Bill Childers
|
0-0: Swinging Strike 0-1: Ball Tom Baker is caught stealing 2nd base 1-1: Called Strike 1-2: Ball 2-2: Ball 3-2: Foul Ball, location: 2F 3-2: Base on Balls
|
Batting: RHB Terry Sylvester
|
0-0: Ball Bill Childers steals 2nd base 1-0: Fly out, F7 (Flyball, 78S)
|
Batting: RHB Jorge Gómez
|
0-0: Ball 1-0: Foul Ball, location: 2F 1-1: Ball 2-1: Ball 3-1: Base on Balls
|
Batting: RHB Steven Talley
|
0-0: Ball 1-0: Ball 2-0: DOUBLE (Flyball, 89XD) Bill Childers scores Jorge Gómez to third Runner from 3rd tries for Home, SAFE, no throw or cutoff
|
Batting: RHB Carlos Rodríguez
|
0-0: Called Strike 0-1: Ball 1-1: Swinging Strike 1-2: Ball 2-2: SINGLE (Line Drive, 4MD) Steven Talley to third Runner from 3rd tries for Home, throw and OUT!
|
Bottom of the 1st over - 2 run(s), 3 hit(s), 0 error(s), 1 left on base; Athletic Club KC 1 - Norfolk 2 |
TOP OF THE 2ND |
Athletic Club KC Athletics batting - Pitching for Norfolk Cruisers : LHP Fernando Rivero
|
Batting: LHB Chris Rice
|
0-0: Called Strike 0-1: Ball 1-1: Ball 2-1: Swinging Strike 2-2: Ball 3-2: Strikes out swinging
|
Batting: RHB Harry Fuller
|
0-0: Foul Ball, location: 2F 0-1: Ball 1-1: Ground out 1-3 (Groundball, 15S)
|
Batting: RHB Curt Clarke
|
0-0: Called Strike 0-1: Called Strike 0-2: Ball 1-2: Ball 2-2: Ground out 6-3 (Groundball, 6)
|
Top of the 2nd over - 0 run(s), 0 hit(s), 0 error(s), 0 left on base; Athletic Club KC 1 - Norfolk 2 |
BOTTOM OF THE 2ND |
Norfolk Cruisers batting - Pitching for Athletic Club KC Athletics : RHP Curt Clarke
|
Batting: RHB Floyd Mitchell
|
0-0: Foul Ball, location: 2F 0-1: Ball 1-1: Ball 2-1: Swinging Strike 2-2: Ball 3-2: Base on Balls
|
Batting: SHB Stephen Baldwin
|
0-0: Fly out, F8 (Flyball, 8RXD)
|
Batting: LHB Fernando Rivero
|
0-0: Sac Bunt - play at first, batter OUT! 5-4 Floyd Mitchell to second
|
Batting: RHB Tom Baker
|
0-0: Ball 1-0: SINGLE (Groundball, 56D) Floyd Mitchell to third Runner from 3rd tries for Home, SAFE, throw made home Tom Baker to second
|
Batting: RHB Bill Childers
|
0-0: Ball 1-0: Ball 2-0: Ball 3-0: Called Strike 3-1: Called Strike 3-2: Ground out 6-3 (Groundball, 6)
|
Bottom of the 2nd over - 1 run(s), 1 hit(s), 0 error(s), 1 left on base; Athletic Club KC 1 - Norfolk 3 |
TOP OF THE 3RD |
Athletic Club KC Athletics batting - Pitching for Norfolk Cruisers : LHP Fernando Rivero
|
Batting: SHB David Henderson
|
0-0: Ball 1-0: Ground out 6-3 (Groundball, 6)
|
Batting: RHB Yoshio Matsuo
|
0-0: Called Strike 0-1: Ball 1-1: Ball 2-1: Foul Ball, location: 2F 2-2: Ball 3-2: Fly out, F9 (Flyball, 9S)
|
Batting: LHB Emílio Sáenz
|
0-0: Called Strike 0-1: Ball 1-1: Called Strike 1-2: Strikes out swinging
|
Top of the 3rd over - 0 run(s), 0 hit(s), 0 error(s), 0 left on base; Athletic Club KC 1 - Norfolk 3 |
BOTTOM OF THE 3RD |
Norfolk Cruisers batting - Pitching for Athletic Club KC Athletics : RHP Curt Clarke
|
Batting: RHB Terry Sylvester
|
0-0: Ball 1-0: Ball 2-0: Foul Ball, location: 2F 2-1: Ball 3-1: Base on Balls
|
Batting: RHB Jorge Gómez
|
0-0: Called Strike 0-1: Ball 1-1: Ball 2-1: Called Strike 2-2: Strikes out swinging
|
Batting: RHB Steven Talley
|
0-0: Ball Terry Sylvester steals 2nd base 1-0: Ball Terry Sylvester steals 3rd base 2-0: Called Strike 2-1: Ground out 6-3 (Groundball, 6) Terry Sylvester scores
|
Batting: RHB Carlos Rodríguez
|
0-0: Ball 1-0: Fly out, F4 (Popup, 4)
|
Bottom of the 3rd over - 1 run(s), 0 hit(s), 0 error(s), 0 left on base; Athletic Club KC 1 - Norfolk 4 |
TOP OF THE 4TH |
Athletic Club KC Athletics batting - Pitching for Norfolk Cruisers : LHP Fernando Rivero
|
Batting: RHB Cory Staton
|
0-0: Ball 1-0: Swinging Strike 1-1: Ball 2-1: Fly out, F8 (Flyball, 8LD)
|
Batting: RHB Vicente Díaz
|
0-0: Ball 1-0: Called Strike 1-1: Ball 2-1: Foul Ball, location: 2F 2-2: Foul Ball, location: 2F 2-2: Foul Ball, location: 2F 2-2: Foul Ball, location: 2F 2-2: SINGLE (Groundball, 56D)
|
Batting: RHB Ramón Souza
|
0-0: Called Strike 0-1: SINGLE (Groundball, 4M) Vicente Díaz to second
|
Batting: LHB Chris Rice
|
0-0: Called Strike 0-1: Foul Ball, location: 2F 0-2: Ball 1-2: Grounds into double play, 4-6-3 (Groundball, 4)
|
Top of the 4th over - 0 run(s), 2 hit(s), 0 error(s), 1 left on base; Athletic Club KC 1 - Norfolk 4 |
BOTTOM OF THE 4TH |
Norfolk Cruisers batting - Pitching for Athletic Club KC Athletics : RHP Curt Clarke
|
Batting: RHB Floyd Mitchell
|
0-0: Ball 1-0: Called Strike 1-1: Ground out 5-3 (Groundball, 5S)
|
Batting: SHB Stephen Baldwin
|
0-0: Ball 1-0: Ball 2-0: DOUBLE (Flyball, 78M)
|
Batting: LHB Fernando Rivero
|
0-0: Foul Ball, location: 2F 0-1: Called Strike 0-2: Ball 1-2: Fly out, F9 (Flyball, 89M)
|
Batting: RHB Tom Baker
|
0-0: Ball 1-0: Swinging Strike 1-1: Ball 2-1: Foul Ball, location: 2F 2-2: Ground out 5-3 (Groundball, 56)
|
Bottom of the 4th over - 0 run(s), 1 hit(s), 0 error(s), 1 left on base; Athletic Club KC 1 - Norfolk 4 |
TOP OF THE 5TH |
Athletic Club KC Athletics batting - Pitching for Norfolk Cruisers : LHP Fernando Rivero
|
Batting: RHB Harry Fuller
|
0-0: Swinging Strike 0-1: Ball 1-1: Ground out 3-1 (Groundball, 34)
|
Pinch Hitting: LHB Tony Reynolds
|
0-0: Ground out 6-3 (Groundball, 6MS)
|
Batting: SHB David Henderson
|
0-0: Called Strike 0-1: Called Strike 0-2: Ball 1-2: Ball 2-2: SINGLE (Groundball, 56D)
|
Batting: RHB Yoshio Matsuo
|
0-0: Ball David Henderson is caught stealing 2nd base
|
Top of the 5th over - 0 run(s), 1 hit(s), 0 error(s), 0 left on base; Athletic Club KC 1 - Norfolk 4 |
BOTTOM OF THE 5TH |
Norfolk Cruisers batting - Pitching for Athletic Club KC Athletics : RHP Curt Clarke
|
Pitching: RHP Carlos Fuentes
|
|
Batting: RHB Bill Childers
|
0-0: Ball 1-0: Ball 2-0: Foul Ball, location: 2F 2-1: Called Strike 2-2: Foul Ball, location: 2F 2-2: DOUBLE (Line Drive, 78D)
|
Batting: RHB Terry Sylvester
|
0-0: Called Strike 0-1: Called Strike 0-2: 2-RUN HOME RUN (Flyball, 7LD), Distance : 359 ft
|
Batting: RHB Jorge Gómez
|
0-0: Called Strike 0-1: Ball 1-1: Foul Ball, location: 2F 1-2: Foul Ball, location: 2F 1-2: Strikes out swinging
|
Batting: RHB Steven Talley
|
0-0: Called Strike 0-1: Ball 1-1: Fly out, F6 (Line Drive, 6D)
|
Batting: RHB Carlos Rodríguez
|
0-0: Fly out, F9 (Flyball, 9M)
|
Bottom of the 5th over - 2 run(s), 2 hit(s), 0 error(s), 0 left on base; Athletic Club KC 1 - Norfolk 6 |
TOP OF THE 6TH |
Athletic Club KC Athletics batting - Pitching for Norfolk Cruisers : LHP Fernando Rivero
|
Batting: RHB Yoshio Matsuo
|
0-0: SINGLE (Groundball, 34D) (infield hit)
|
Batting: LHB Emílio Sáenz
|
0-0: Called Strike 0-1: SINGLE (Groundball, 6S) Yoshio Matsuo to second
|
Batting: RHB Cory Staton
|
0-0: Foul Ball, location: 2F 0-1: Called Strike 0-2: Ball 1-2: Foul Ball, location: 2F 1-2: Ball 2-2: Ball 3-2: Base on Balls Yoshio Matsuo to third Emílio Sáenz to second
|
Batting: RHB Vicente Díaz
|
0-0: Swinging Strike 0-1: Called Strike 0-2: DOUBLE (Line Drive, 7LM) Yoshio Matsuo scores Emílio Sáenz scores Cory Staton to third
|
Batting: RHB Ramón Souza
|
0-0: Ball 1-0: Ground out 6-3 (Groundball, 6) Cory Staton scores
|
Batting: LHB Chris Rice
|
0-0: Ball 1-0: Ground out U3 (Groundball, 3) Vicente Díaz to third
|
Batting: RHB Harry Fuller
|
0-0: Fly out, F4 (Line Drive, 4)
|
Top of the 6th over - 3 run(s), 3 hit(s), 0 error(s), 1 left on base; Athletic Club KC 4 - Norfolk 6 |
BOTTOM OF THE 6TH |
Norfolk Cruisers batting - Pitching for Athletic Club KC Athletics : RHP Carlos Fuentes
|
Pitching: RHP Manuel Hernández
|
|
Now in LF: Rick Atkinson
|
|
Batting: RHB Floyd Mitchell
|
0-0: Foul Ball, location: 2F 0-1: Foul Ball, location: 2F 0-2: Ball 1-2: Ball 2-2: Foul Ball, location: 2F 2-2: Foul Ball, location: 2F 2-2: Ground out 6-3 (Groundball, 6)
|
Batting: SHB Stephen Baldwin
|
0-0: Ball 1-0: Swinging Strike 1-1: Ball 2-1: Fly out, F7 (Flyball, 7LSF)
|
Batting: LHB Fernando Rivero
|
0-0: Called Strike 0-1: Ball 1-1: Ball 2-1: Called Strike 2-2: Foul Ball, location: 2F 2-2: Foul Ball, location: 2F 2-2: Foul Ball, location: 2F 2-2: Ball 3-2: Strikes out looking
|
Bottom of the 6th over - 0 run(s), 0 hit(s), 0 error(s), 0 left on base; Athletic Club KC 4 - Norfolk 6 |
TOP OF THE 7TH |
Athletic Club KC Athletics batting - Pitching for Norfolk Cruisers : LHP Fernando Rivero
|
Batting: RHB Rick Atkinson
|
0-0: Ball 1-0: Ground out 4-3 (Groundball, 4)
|
Batting: SHB David Henderson
|
0-0: Fly out, F7 (Line Drive, 7LD)
|
Batting: RHB Yoshio Matsuo
|
0-0: Called Strike 0-1: Fly out, F8 (Flyball, 8RD)
|
Top of the 7th over - 0 run(s), 0 hit(s), 0 error(s), 0 left on base; Athletic Club KC 4 - Norfolk 6 |
BOTTOM OF THE 7TH |
Norfolk Cruisers batting - Pitching for Athletic Club KC Athletics : RHP Manuel Hernández
|
Batting: RHB Tom Baker
|
0-0: Called Strike 0-1: Ball 1-1: Ball 2-1: Called Strike 2-2: Strikes out swinging
|
Batting: RHB Bill Childers
|
0-0: Ground out 6-3 (Groundball, 6)
|
Batting: RHB Terry Sylvester
|
0-0: Ball 1-0: Called Strike 1-1: Foul Ball, location: 2F 1-2: Strikes out swinging
|
Bottom of the 7th over - 0 run(s), 0 hit(s), 0 error(s), 0 left on base; Athletic Club KC 4 - Norfolk 6 |
TOP OF THE 8TH |
Athletic Club KC Athletics batting - Pitching for Norfolk Cruisers : LHP Fernando Rivero
|
Batting: LHB Emílio Sáenz
|
0-0: Ball 1-0: Ball 2-0: Ball 3-0: Base on Balls
|
Batting: RHB Cory Staton
|
0-0: Ball 1-0: Called Strike 1-1: Foul Ball, location: 2F 1-2: Ball 2-2: Ball 3-2: Strikes out looking Emílio Sáenz steals 2nd base Batter strikes out.
|
Batting: RHB Vicente Díaz
|
0-0: Ball 1-0: Foul Ball, location: 2F 1-1: Foul Ball, location: 2F 1-2: Ground out 5-3 (Groundball, 5)
|
Pinch Hitting: RHB Steve Brandon
|
0-0: Ball 1-0: Called Strike 1-1: Fly out, F9 (Flyball, 9LD)
|
Top of the 8th over - 0 run(s), 0 hit(s), 0 error(s), 1 left on base; Athletic Club KC 4 - Norfolk 6 |
BOTTOM OF THE 8TH |
Norfolk Cruisers batting - Pitching for Athletic Club KC Athletics : RHP Manuel Hernández
|
Pitching: RHP Craig Moody
|
|
Batting: RHB Jorge Gómez
|
0-0: Foul Ball, location: 2F 0-1: Swinging Strike 0-2: Ball 1-2: Ball 2-2: Strikes out looking
|
Batting: RHB Steven Talley
|
0-0: Called Strike 0-1: Ball 1-1: Foul Ball, location: 2F 1-2: Ball 2-2: Foul Ball, location: 2F 2-2: Ground out 6-3 (Groundball, 6M)
|
Batting: RHB Carlos Rodríguez
|
0-0: Foul Ball, location: 2F 0-1: Swinging Strike 0-2: Ball 1-2: Strikes out looking
|
Bottom of the 8th over - 0 run(s), 0 hit(s), 0 error(s), 0 left on base; Athletic Club KC 4 - Norfolk 6 |
TOP OF THE 9TH |
Athletic Club KC Athletics batting - Pitching for Norfolk Cruisers : LHP Fernando Rivero
|
Pitching: RHP Carlos Rúbio
|
|
Now at 1B: Félix Flores
|
|
Batting: LHB Chris Rice
|
0-0: Ball 1-0: Ball 2-0: Ball 3-0: Called Strike 3-1: Base on Balls
|
Batting: RHB Harry Fuller
|
0-0: Ball 1-0: Ball 2-0: Called Strike 2-1: Foul Ball, location: 2F 2-2: Strikes out swinging
|
Batting: RHB Rick Atkinson
|
0-0: Ball 1-0: Ball 2-0: Called Strike 2-1: Foul Ball, location: 2F 2-2: Fly out, F3 (Popup, 13S)
|
Batting: SHB David Henderson
|
0-0: Called Strike 0-1: Fly out, F5 (Popup, 5SF)
|
Top of the 9th over - 0 run(s), 0 hit(s), 0 error(s), 1 left on base; Athletic Club KC 4 - Norfolk 6 |
|